 Dungeon Crawl Stone Soup version 0.28.0-43-g3370ac3207 (webtiles) character file.

Game seed: 4183140533222340536

6 AngPrime the Ruffian (level 1, 0/16 HPs)
             Began as a Draconian Transmuter on Mar 23, 2022.
             Killed from afar by a dart slug (4 damage)
             ... with a slug dart
             ... on level 1 of the Dungeon.
             The game lasted 00:06:05 (561 turns).

AngPrime the Ruffian (Draconian Transmuter)          Turns: 561, Time: 00:06:05

Health: 0/16       AC:  4    Str: 12    XL:     1   Next: 75%
Magic:  3/3        EV: 12    Int: 13    God:
Gold:   24         SH:  0    Dex: 11    Spells: 3/4 levels left

rFire   . . .      SeeInvis .   b - +0 short sword
rCold   . . .      Faith    .   (no shield)
rNeg    . . .      Spirit   .   (armour unavailable)
rPois   .          Reflect  .   (helmet restricted)
rElec   .          Harm     .   (no cloak)
rCorr   .          Rampage  .   (no gloves)
Will    .....                   (no boots)
Stlth   +.........              (no amulet)
HPRegen 0.05/turn               (no ring)
MPRegen 0.08/turn               (no ring)

@: no status effects
A: AC +4, unfitting armour, cold-blooded
a: no special abilities


You were on level 1 of the Dungeon.
You visited 1 branch of the dungeon, and saw 1 of its levels.

You collected 24 gold pieces.

Inventory:

Hand Weapons
 b - a +0 short sword (weapon)
 e - a +0 dagger
Missiles
 c - 33 stones
 d - 6 poisoned darts
Potions
 a - a potion of ambrosia {unknown}


   Skills:
 + Level 1.1 Fighting
 + Level 1.9 Dodging
 + Level 3.2 Unarmed Combat
 + Level 2.0 Spellcasting
 + Level 2.0 Transmutations


You had 3 spell levels left.
You knew the following spells:

 Your Spells              Type           Power      Damage    Failure   Level
a - Beastly Appendage     Tmut           12%        N/A       11%         1

Your spell library contained the following spells:

 Spells                   Type           Power      Damage    Failure   Level
 Wereblood                Tmut           6%         N/A       16%         2
 Spider Form              Tmut/Pois      4%         N/A       45%         3
 Ice Form                 Ice/Tmut       4%         N/A       86%         4


Dungeon Overview and Level Annotations

Branches:
Dungeon (1/15)

Altars:


Innate Abilities, Weirdness & Mutations

Your plain brown scales are hard. (AC +4)
You cannot fit into any form of body armour.
You are cold-blooded and may be slowed by cold attacks.


Message History

You now have 12 gold pieces.
You see here a +0 dagger.
e - a +0 dagger You see here a bat corpse.
Found a fuming ruby potion.
A frilled lizard comes into view.
The frilled lizard hisses angrily.
A frilled lizard comes into view.
Found 12 gold pieces.
The frilled lizard misses you.
You miss the frilled lizard. The frilled lizard bites you.
You barely miss the frilled lizard. The frilled lizard closely misses you.
You barely miss the frilled lizard. The frilled lizard closely misses you.
The frilled lizard bites you. The frilled lizard barely misses you.
You hit the frilled lizard.
You kill the frilled lizard!
The frilled lizard closely misses you. The frilled lizard barely misses you.
The frilled lizard bites you.
You barely miss the frilled lizard. The frilled lizard bites you.
You barely miss the frilled lizard.
Your tail-slap misses the frilled lizard.
The frilled lizard bites you but does no damage.
You closely miss the frilled lizard.
The frilled lizard bites you but does no damage.
You miss the frilled lizard.
The frilled lizard bites you but does no damage.
You barely miss the frilled lizard. The frilled lizard bites you.
You hit the frilled lizard.
You kill the frilled lizard!
A dart slug comes into view.
You see here 12 gold pieces.
You now have 24 gold pieces (gained 12).
The dart slug launches a dart at you. The slug dart hits you.
* * * LOW HITPOINT WARNING * * *
A rat comes into view.
The rat moves out of view.
The dart slug launches a dart at you. The slug dart hits you.
You die...

.........#....8...8...8..#
.#######............#....#
.###...###.........####..#
##.......##.............##
#.........#.......†######
#....8....#####....#
..........# ####.#
##.......#########.# ###
####...####.#...@..# #.## ##
###.####........###..# ## .#
###...###.......#...## .w.
.####.......##...........# ....
..##.........#.r.....#...#.....
##......8....#.......#.........
####.........#......w...!##
##.......##...........#
###...###............#


You could see a dart slug and a rat.

Vanquished Creatures
  A ball python (D:1)
  A bat (D:1)
  A kobold (D:1)
  2 frilled lizards (D:1)
  A rat (D:1)
6 creatures vanquished.

Notes
Turn   | Place    | Note
-------+----------+-------------------------------------------
     0 | D:1      | AngPrime the Draconian Transmuter began the quest for the
                  | Orb.
     0 | D:1      | Reached XP level 1. HP: 16/16 MP: 3/3
   561 | D:1      | Killed from afar by a dart slug

Illustrated notes

Levels and vault maps discovered:
D:1:      dpeg_arrival_three_same_balls, layout_rooms,
          shapermc_ecumenical_altar_mp_highgroup,
          corexii_item_surrounded_by_moat, minmay_misc_feat_four_crosses,
          st_stairs_14, minmay_tall_x

Action                   || total
-------------------------++-------
Melee: Short sword       ||    15
       Unarmed           ||     6
       Tailslap          ||     3
       Kick              ||     1
 Cast: Beastly Appendage ||     5
Armor: Skin              ||     6
Dodge: Dodged            ||    17
